 Dungeon Crawl Stone Soup version 0.28-a0-1212-gc6b4282bc0 (webtiles) character file.

Game seed: 5125700858271986461

21 Garessta the Conjurer (level 2, -2/19 HPs)
             Began as a Demonspawn Conjurer on Dec 21, 2021.
             Slain by an iguana (12 damage)
             ... on level 4 of the Dungeon.
             The game lasted 00:01:49 (853 turns).

Garessta the Conjurer (Demonspawn Conjurer)          Turns: 853, Time: 00:01:50

Health: -2/19      AC: -2    Str:  7    XL:     2   Next: 65%
Magic:  6/14       EV: 12    Int: 19    God:
Gold:   77         SH:  0    Dex: 11    Spells: 2/5 levels left

rFire   . . .      SeeInvis .   b - +0 short sword
rCold   . . .      Faith    .   (no shield)
rNeg    . . .      Spirit   .   a - +0 robe
rPois   .          Reflect  .   (no helmet)
rElec   .          Harm     .   (no cloak)
rCorr   .          Rampage  .   (no gloves)
Will    .....                   (no boots)
Stlth   ++........              (no amulet)
HPRegen 0.06/turn               i - ring of magical power
MPRegen 0.28/turn               (no ring)

@: corroded
A: magic regeneration
a: no special abilities


You were on level 4 of the Dungeon.
You visited 1 branch of the dungeon, and saw 3 of its levels.

You collected 77 gold pieces.

Inventory:

Hand Weapons
 b - a +0 short sword (weapon)
Armour
 a - a +0 robe (worn)
Jewellery
 i - a ring of magical power (left hand)
Scrolls
 c - a scroll of teleportation {unknown}
 d - a scroll of fear {unknown}
 g - a scroll of silence {unknown}
Potions
 e - a potion of mutation {unknown}
 f - a potion of resistance {unknown}
 h - a potion of degeneration {unknown}


   Skills:
 - Level 1.7 Dodging
 - Level 1.7 Stealth
 - Level 2.3 Spellcasting
 * Level 4.5 Conjurations


You had 2 spell levels left.
You knew the following spells:

 Your Spells              Type           Power      Damage    Failure   Level
a - Magic Dart            Conj           76%        1d6       2%          1
b - Searing Ray           Conj           38%        2d5       3%          2

Your spell library contained the following spells:

 Spells                   Type           Power      Damage    Failure   Level
 Dazzling Flash           Conj/Hex       20%        N/A       19%         3
 Fulminant Prism          Conj/Hex       5%         3d7       54%         4
 Iskenderun's Mystic Bla  Conj/Tloc      10%        2d4       54%         4


Dungeon Overview and Level Annotations

Branches:
Dungeon (2/15)

Altars:


Innate Abilities, Weirdness & Mutations

You regenerate magic rapidly.


Message History

A worm is nearby!
The magic dart hits the worm.
The worm is lightly wounded.
The magic dart hits the worm.
The worm is moderately wounded.
You can't see any susceptible monsters within range! (Use Z to cast anyway.)
Casting: Magic Dart (safe; 2% risk of failure)
Confirm with . or Enter, or press ? or * to list all spells.
Aiming: Searing Ray (safe; 3% risk of failure)
Press: ? - help, Shift-Dir - straight line, f/p - worm
Aim: a worm (moderately wounded, 92% to hit)
The searing ray hits the worm!
The worm is severely wounded. (Press . to maintain the ray.)
The searing ray hits the worm!
You kill the worm!
i - a ring of magical power
Found a leather armour.
You see here a +0 leather armour.
You open the door.
A sourceless malevolence fills the Dungeon...
You fall into a shaft and drop 2 floors!
The shaft crumbles and collapses.
You hear the hiss of flowing sand.
There is an entrance to an ossuary on this level.
Hurry and find it before the portal is buried!
Found 20 stones, a quarterstaff, a ring mail and a rapier.
Found a stone staircase leading up.
You feel your magic capacity increase.
i - a ring of magical power (left hand)
An iguana comes into view.
The iguana hisses angrily.
The iguana hisses menacingly.
A jelly comes into view.
The jelly quivers.
The jelly barely misses you.
There is a stone staircase leading up here.
The jelly hits you. The acid corrodes you!
You are splashed with acid!
The iguana bites you!
Ouch! That really hurt!
You die...

## ##.. .
##.).#######...
..............#
.)....(..# #
##..###.####.#
#[......#
#......##
#@l....#
#J.....#
.......#
........#
.#....####
....#### .. ..
## ###


You could see an iguana and a jelly.

Vanquished Creatures
  A worm (D:2)
  2 endoplasms (D:1)
  3 goblins (D:1)
  4 hobgoblins
  3 bats (D:1)
  2 kobolds
  2 rats (D:1)
17 creatures vanquished.

Notes
Turn   | Place    | Note
-------+----------+-------------------------------------------
     0 | D:1      | Garessta the Demonspawn Conjurer began the quest for the
                  | Orb.
     0 | D:1      | Reached XP level 1. HP: 13/13 MP: 3/3
   264 | D:1      | Gained mutation: You regenerate magic rapidly. [demonic
                  | ancestry]
   264 | D:1      | Reached XP level 2. HP: 19/19 MP: 0/5
   367 | D:1      | Learned a level 2 spell: Searing Ray
   433 | D:1      | Found a faded altar of an unknown god.
   847 | D:2      | You fall into a shaft and drop 2 floors!
   853 | D:4      | Slain by an iguana

Illustrated notes

Levels and vault maps discovered:
D:1:      minmay_arrival_open_corners, layout_basic,
          chequers_ecumenical_altar_simple, roderic_roman_lattice
D:2:      layout_basic, serial_shops, nicolae_shop_trees, basic_altar,
          kennysheep_generic_room_11, uniq_terence
D:4:      layout_rooms, palyth_temple_overflow_mages,
          nicolae_overflow_hidden_temple, nicolae_ossuary_entry_plus,
          chequers_arboretum

Action                   || total
-------------------------++-------
Melee: Short sword       ||     7
 Cast: Magic Dart        ||    24
       Searing Ray       ||     2
Armor: Robe              ||     3
Dodge: Dodged            ||     7

Table legend: (Time is in decaauts)
 A = Elapsed time spent in this place.
 B = Non-inter-level travel time spent in this place.
 C = Inter-level travel time spent in this place.
 D = Time resting spent in this place.
 E = Time spent auto-exploring this place.
 F = Levels seen in this place.
 G = Mean time per level.
                   A        B        C        D        E       F      G
               +--------+--------+--------+--------+--------+-----+--------+
         Total |    852 |    826 |     26 |      0 |    737 |   3 |  284.0 |
       Dungeon |    852 |    826 |     26 |      0 |    737 |   3 |  284.0 |
               +--------+--------+--------+--------+--------+-----+--------+

Top non-repeatable levels by time:
     D:1: 726 daAuts
     D:2: 120 daAuts
     D:4: 5 daAuts
